 Dungeon Crawl Stone Soup version 0.29.1-12-g30fa7ad0bf (webtiles) character file.

Game seed: 14573652555518831130

21443 fishmans the Severer (level 12, -5/90 HPs)
             Began as a Minotaur Fighter on Jan 6, 2023.
             Was an Elder of Qazlal.
             Slain by an 11-headed hydra (7 damage)
             ... on level 1 of the Lair of Beasts on Jan 8, 2023.
             The game lasted 00:48:43 (13220 turns).

fishmans the Severer (Minotaur Fighter)            Turns: 13220, Time: 00:48:43

Health: -5/90      AC: 14    Str: 28    XL:     12   Next: 54%
Magic:  17/17      EV: 10    Int:  9    God:    Qazlal [****..]
Gold:   696        SH:  5    Dex: 14    Spells: 11/11 levels left

rFire   . . .      SeeInvis .   f - +11 battleaxe "Maodesi" {drain, rC+ Dex+4}
rCold   + . .      Faith    +   (shield currently unavailable)
rNeg    . . .      Spirit   .   G - +0 plate armour
rPois   +          Reflect  .   (helmet restricted)
rElec   .          Harm     .   (no cloak)
rCorr   .          Rampage  .   (no gloves)
Will    .....                   A - +0 pair of boots
Stlth   ..........              l - amulet of faith
HPRegen 0.25/turn               n - ring of poison resistance
MPRegen 0.15/turn               o - +6 ring of strength

@: repel missiles
A: horns 2, retaliatory headbutt
a: Renounce Religion, Upheaval, Elemental Force


You were on level 1 of the Lair of Beasts.
You worshipped Qazlal.
Qazlal was greatly pleased with you.
You visited 2 branches of the dungeon, and saw 11 of its levels.
You also visited: Bailey.

You collected 696 gold pieces.

Inventory:

Hand Weapons
 a - a +1 war axe
 f - the +11 battleaxe "Maodesi" (weapon) {drain, rC+ Dex+4}
   (You acquired it on level 3 of the Dungeon)

   A truly terrible weapon, it drains the life of any living foe it strikes.
   Dex:       It affects your dexterity (+4).
   rC:        It protects you from cold.
Missiles
 e - 2 curare-tipped darts
 g - 3 throwing nets
 i - 8 boomerangs
Armour
 c - a +0 buckler
 s - a +1 chain mail
 A - a +0 pair of boots (worn)
 G - a +0 plate armour (worn)
Jewellery
 l - an amulet of faith (around neck)
 n - a ring of poison resistance (left hand)
 o - a +6 ring of strength (right hand)
 q - a ring of willpower
 y - a +6 ring of intelligence
 H - a ring of wizardry
Wands
 p - a wand of polymorph (4)
 x - a wand of digging (9)
 E - a wand of acid (7)
 F - a wand of mindburst (18) (quivered)
 L - a wand of iceblast (5)
Scrolls
 r - 2 scrolls of immolation
 I - a scroll of identify
 J - a scroll of enchant armour
Potions
 b - a potion of attraction {unknown}
 d - 5 potions of might
 h - 3 potions of curing
 j - 2 potions of lignification {unknown}
 k - a potion of berserk rage {unknown}
 t - a potion of invisibility
 u - a potion of magic {unknown}
 v - a potion of ambrosia {unknown}
 w - a potion of flight {unknown}
 z - 2 potions of haste {unknown}
 B - 2 potions of brilliance
 C - a potion of resistance {unknown}
 D - 2 potions of heal wounds {unknown}
 K - a potion of cancellation {unknown}
 M - a potion of mutation {unknown}


   Skills:
 - Level 3.6 Fighting
 - Level 20.3 Axes
 + Level 8.0 Armour
 + Level 6.3 Dodging
 - Level 3.6 Shields
 * Level 8.4 Invocations


You had 11 spell levels left.
You didn't know any spells.
Your spell library contained the following spells:

 Spells                   Type           Power      Damage    Failure   Level
 Ensorcelled Hibernation  Hex/Ice        0%         N/A       99%         2
 Passwall                 Tmut/Erth      0%         N/A       99%         2
 Ozocubu's Armour         Ice            0%         N/A       100%        3
 Portal Projectile        Hex/Tloc       0%         N/A       100%        3
 Swiftness                Air            0%         N/A       100%        3
 Tukima's Dance           Hex            0%         N/A       100%        3
 Blade Hands              Tmut           0%         N/A       100%        5
 Irradiate                Conj/Tmut      0%         3d11      100%        5
 Metabolic Englaciation   Hex/Ice        0%         N/A       100%        5
 Simulacrum               Ice/Necr       0%         N/A       100%        6
 Dragon Form              Tmut           0%         N/A       100%        7


Dungeon Overview and Level Annotations

Branches:
Dungeon (10/15)            Temple (0/1) D:7            Lair (1/5) D:8
    Orc (0/2) D:9          Bailey (visited)

Altars:
Ashenzari
Dithmenos
Elyvilon
Gozag
Hepliaklqana
Okawaru
Qazlal
Ru
Uskayaw
Vehumet
Wu Jian
Xom
Zin


Innate Abilities, Weirdness & Mutations

You have a pair of horns on your head.
You reflexively headbutt those who attack you in melee.


Message History

You see here an anaconda skeleton.
The basilisk hisses angrily.
You see here an anaconda skeleton.
You start waiting.
You hear an angry hiss. x4
Done waiting.
You see here 4 stones.
You enter the shallow water.
Moving in this stuff is going to be slow.
You hear a roar!
An 11-headed hydra is nearby!
The 11-headed hydra bites you but does no damage.
The 11-headed hydra barely misses you. The 11-headed hydra bites you!
The 11-headed hydra bites you but does no damage. x2
You block the 11-headed hydra's attack. The 11-headed hydra bites you!
The 11-headed hydra closely misses you. The 11-headed hydra bites you.
You block the 11-headed hydra's attack.
The 11-headed hydra bites you but does no damage. x2
The 11-headed hydra bites you.
The 11-headed hydra bites you but does no damage. x2
The 11-headed hydra bites you.
The 11-headed hydra bites you but does no damage. x2
The 11-headed hydra barely misses you. The 11-headed hydra bites you! x3
The 11-headed hydra bites you. The 11-headed hydra misses you. x2
The 11-headed hydra bites you but does no damage.
The 11-headed hydra barely misses you.
The 11-headed hydra bites you but does no damage. x2
The 11-headed hydra bites you.
* * * LOW HITPOINT WARNING * * *
The 11-headed hydra barely misses you. x3
The 11-headed hydra attacks as you move away!
The 11-headed hydra bites you.
* * * LOW HITPOINT WARNING * * *
The 11-headed hydra bites you but does no damage.
The 11-headed hydra bites you!
* * * LOW HITPOINT WARNING * * *
The 11-headed hydra bites you.
* * * LOW HITPOINT WARNING * * *
The 11-headed hydra bites you!
You die...

........>......................#
#.............................##
#.............................#
.....~~.....P.~~..............#
##...P~~P~~~~P~~...###.....#..#
###..~~~P~~P~~P~#..###.##..#....#
##..~~~P~~~P~~~###.###########.#
##...P~P~~~~~~P~.#### ##
#....~~~~≈≈~~~°P@...#
##..♣~~~≈≈≈≈≈≈°D♣.§##
##..♣~≈≈≈≈≈≈≈P~~♣.#.#
....♣~≈≈≈≈≈≈≈≈~♣♣#..#
#...♣~≈~≈≈≈≈~~~♣♣...#
#...♣♣~≈≈≈≈~P~♣♣#..###
#...♣♣♣♣~≈~~~P♣ #....# ....♣
♣♣~~P~♣♣ #...## ....# ♣♣♣♣♣♣
#.###


You could see a 11-headed hydra.

Vanquished Creatures
  A vault guard (Bailey)
  A hydra (Lair:1)
  3 anacondas (Lair:1)
  2 alligators (Lair:1)
  A two-headed ogre (D:8)
  A death yak (Lair:1)
  A fire crab (Lair:1)
  Pikel (D:9)
  2 cane toads (Lair:1)
  A komodo dragon (Lair:1)
  2 trolls
  A hornet (D:9)
  Prince Ribbit (Bailey)
  14 yaks
  4 wyverns
  A basilisk (Lair:1)
  5 humans (Bailey)
  2 steam dragons
  An acid dragon (D:9)
  6 water moccasins
  7 orc warriors
  6 black bears
  An ice beast (D:5)
  A sky beast (D:6)
  9 ogres
  8 wolves
  2 centaurs
  3 lemures (D:9)
  8 kobold brigands
  18 bullfrogs
  2 wyvern zombies (D:7)
  2 scorpions
  6 gnoll sergeants (D:9)
  14 wights
  8 killer bees (D:10)
  2 electric eels (Lair:1)
  3 howler monkeys
  A bullfrog zombie (D:7)
  3 centaur zombies (D:7)
  Crazy Yiuf (D:2)
  5 hounds
  2 jellies
  6 orc priests
  Terence (D:2)
  6 iguanas
  9 orc wizards
  3 killer bee zombies (D:7)
  8 gnolls
  7 adders
  A white imp (D:8)
  A worm (D:3)
  A dart slug (D:4)
  40 orcs
  4 ball pythons
  4 bats (D:1)
  6 endoplasms
  2 giant cockroaches
  12 goblins
  12 hobgoblins
  5 jackals (D:2)
  4 quokkas
  A frilled lizard (D:1)
  36 kobolds
  4 rats
336 creatures vanquished.

Vanquished Creatures (collateral kills)
  A vault guard (Bailey)
  A black mamba (Lair:1)
  A rime drake (Lair:1)
  A basilisk (Lair:1)
4 creatures vanquished.

Vanquished Creatures (others)
  3 plants (Lair:1)
  2 withered plants (D:7)
5 creatures vanquished.

Grand Total: 345 creatures vanquished

Notes
Turn   | Place    | Note
-------+----------+-------------------------------------------
     0 | D:1      | fishmans the Minotaur Fighter began the quest for the Orb.
     0 | D:1      | Reached XP level 1. HP: 19/19 MP: 0/0
    38 | D:1      | Reached skill level 3 in Axes
   165 | D:1      | Reached XP level 2. HP: 26/26 MP: 1/1
   406 | D:1      | Reached skill level 4 in Axes
   778 | D:1      | Reached XP level 3. HP: 30/31 MP: 2/2
  1131 | D:2      | Noticed Terence
  1150 | D:2      | Killed Terence
  1151 | D:2      | Reached skill level 5 in Axes
  1426 | D:2      | Reached XP level 4. HP: 39/39 MP: 3/3
  1786 | D:2      | Found a runed translucent door.
  1787 | D:2      | Noticed Crazy Yiuf
  2119 | D:2      | Killed Crazy Yiuf
  2120 | D:2      | Reached skill level 6 in Axes
  2447 | D:3      | Reached XP level 5. HP: 42/45 MP: 4/4
  2570 | D:3      | Found an ornate altar of the Wu Jian Council.
  2682 | D:3      | Reached skill level 7 in Axes
  2830 | D:3      | Found a white marble altar of Elyvilon.
  3091 | D:3      | Identified a scroll of acquirement
  3091 | D:3      | Acquired the +11 battleaxe "Maodesi" {drain, rC+ Dex+4}
  3153 | D:4      | Found a stormy altar of Qazlal.
  3194 | D:4      | Became a worshipper of Qazlal Stormbringer
  3288 | D:4      | Noticed an ogre
  3638 | D:4      | Reached XP level 6. HP: 51/51 MP: 5/5
  3770 | D:4      | Reached skill level 8 in Axes
  3845 | D:4      | Noticed a water moccasin
  3851 | D:4      | Killed a water moccasin
  3852 | D:4      | Reached skill level 9 in Axes
  3852 | D:4      | Reached XP level 7. HP: 57/57 MP: 6/6
  4057 | D:4      | You fall into a shaft and drop 2 floors!
  4063 | D:5      | Entered Level 5 of the Dungeon
  4063 | D:5      | Noticed a yak
  4063 | D:5      | Noticed a yak
  4064 | D:5      | Noticed a yak
  4064 | D:5      | Noticed a yak
  4064 | D:5      | Noticed a yak
  4069 | D:5      | Killed a yak
  4070 | D:5      | Reached skill level 10 in Axes
  4071 | D:5      | Killed a yak
  4072 | D:5      | Killed a yak
  4073 | D:5      | Reached skill level 11 in Axes
  4073 | D:5      | Reached XP level 8. HP: 43/64 MP: 7/7
  4078 | D:5      | Reached skill level 12 in Axes
  4078 | D:5      | Reached * piety under Qazlal
  4491 | D:4      | Found a hazy altar of Hepliaklqana.
  4919 | D:5      | Reached skill level 13 in Axes
  5160 | D:5      | Found an iron altar of Okawaru.
  5603 | D:6      | Reached skill level 14 in Axes
  5603 | D:6      | Reached XP level 9. HP: 66/70 MP: 8/8
  5721 | D:6      | Reached ** piety under Qazlal
  5871 | D:6      | Found a sacrificial altar of Ru.
  6090 | D:7      | Reached skill level 15 in Axes
  6189 | D:7      | Reached skill level 16 in Axes
  6389 | D:7      | Reached *** piety under Qazlal
  6420 | D:7      | Found a flagged portal.
  6531 | Bailey   | Entered a bailey
  6561 | Bailey   | Reached XP level 10. HP: 55/77 MP: 9/9
  6571 | Bailey   | Reached skill level 17 in Axes
  6803 | Bailey   | Noticed a vault guard
  6803 | Bailey   | Noticed Prince Ribbit
  6807 | Bailey   | Killed Prince Ribbit
  6829 | Bailey   | Killed a vault guard
  6830 | Bailey   | Reached skill level 18 in Axes
  7091 | Bailey   | Noticed a vault guard
  7102 | Bailey   | Killed a vault guard
  7297 | D:7      | Found a staircase to the Ecumenical Temple.
  7343 | D:7      | Reached skill level 19 in Axes
  7577 | D:7      | Found a shadowy altar of Dithmenos.
  7614 | D:7      | Found a hide-covered altar of Uskayaw.
  7686 | D:8      | Found a broken altar of Ashenzari.
  7686 | D:8      | Found a radiant altar of Vehumet.
  7707 | D:8      | Found a staircase to the Lair.
  7899 | D:8      | Noticed a two-headed ogre
  7974 | D:8      | Reached **** piety under Qazlal
  8103 | D:8      | Killed a two-headed ogre
  8104 | D:8      | Reached XP level 11. HP: 63/82 MP: 6/10
  8442 | D:8      | Found a shimmering altar of Xom.
  8768 | D:9      | Found an opulent altar of Gozag.
  8784 | D:9      | Reached skill level 20 in Axes
  8804 | D:9      | Found a glowing silver altar of Zin.
  8804 | D:9      | Noticed an angel
  9003 | D:9      | Noticed Pikel
  9013 | D:9      | Killed Pikel
  9090 | D:9      | Reached skill level 1 in Invocations
  9100 | D:9      | Reached skill level 1 in Dodging
  9925 | D:9      | Found a staircase to the Orcish Mines.
 10318 | D:10     | Entered Level 10 of the Dungeon
 10413 | D:10     | Reached ***** piety under Qazlal
 10474 | D:10     | Reached skill level 5 in Armour
 10489 | D:10     | Identified the +7 mace "Aqeczad" {protect, rElec rC+
                  | Stlth+}
 11012 | Lair:1   | Entered Level 1 of the Lair of Beasts
 11312 | Lair:1   | Reached skill level 5 in Invocations
 11395 | Lair:1   | Noticed an alligator
 11404 | Lair:1   | Killed an alligator
 11441 | Lair:1   | Noticed an alligator
 11451 | Lair:1   | Killed an alligator
 11549 | Lair:1   | Noticed a five-headed hydra
 11559 | Lair:1   | Killed a five-headed hydra
 11560 | Lair:1   | Reached XP level 12. HP: 78/90 MP: 9/15
 11565 | Lair:1   | Noticed a death yak
 11574 | Lair:1   | Killed a death yak
 11575 | Lair:1   | Reached skill level 5 in Dodging
 12209 | Lair:1   | Noticed an anaconda
 12209 | Lair:1   | Noticed an eight-headed hydra
 12209 | Lair:1   | Noticed an anaconda
 12211 | Lair:1   | Noticed an anaconda
 12444 | Lair:1   | Killed an anaconda
 12665 | Lair:1   | Killed an anaconda
 12969 | Lair:1   | Killed an anaconda
 13220 | Lair:1   | HP: 2/90 [11-headed hydra (4)]
 13220 | Lair:1   | Slain by an 11-headed hydra

Illustrated notes

Levels and vault maps discovered:
D:1:      mainiacjoe_arrival_reflecting_pool, layout_basic, minmay_pentomino_w2
D:2:      layout_loops_ring, uniq_terence, uniq_crazy_yiuf_cottage
D:3:      layout_rooms, elyvilon_altar_5, overflow_temple_1_default,
          kennysheep_generic_room_12
D:4:      layout_basic, grunt_qazlal_clouds, worldfamousw_hep_ancestral_shrine,
          minmay_misc_feat_five
D:5:      layout_rooms, marbit_many_paths, minmay_misc_feat_secret_circle
D:6:      layout_rooms, nicolae_ru_the_path_less_chosen, minivault_1
D:7:      layout_rooms, mainiacjoe_overflow_alcove_2,
          nicolae_uskayaw_murder_on_the_dancefloor, minmay_temple_entry_arrows,
          enter_bailey_5, serial_undead, serial_undead_b, serial_undead_d,
          serial_undead_f, serial_undead_e
D:8:      layout_rooms, nicolae_overflow_crystal_walls,
          gammafunk_temple_overflow_elements, lair_entry_dummy
D:9:      hellmonk_destroyed_diamonds, layout_loops_ring, grunt_gozag_statues,
          zin_angel, kennysheep_orc_monster_closet_entryway, uniq_pikel
D:10:     layout_roguey
Lair:1:   layout_hall_layers, nicolae_lair_lakeside_cave, serial_bayou_shore_a

Skill      XL: |  1  2  3  4  5  6  7  8  9 10 11 12 |
---------------+-------------------------------------+-----
Axes           | 3 4 5 6 7 9 11 14 16 19 20 | 20.3
Invocations    | 6 8 |  8.4
Dodging        | 4 6 |  6.3
Armour         | 6 8 |  8.0
Fighting       | |  3.6
Shields        | |  3.6

Action                   |  1- 3 |  4- 6 |  7- 9 | 10-12 || total
-------------------------+-------+-------+-------+-------++-------
Melee: War axe           |    88 |    50 |       |       ||   138
       Headbutt          |    10 |    12 |    13 |    47 ||    82
       Unarmed           |       |     5 |       |       ||     5
       Battleaxe         |       |    34 |   149 |   347 ||   530
Invok: Elemental Force   |       |       |       |     6 ||     6
       Upheaval          |       |       |       |     1 ||     1
Evoke: Wand              |       |       |       |     3 ||     3
  Use: Scroll            |     2 |     4 |     3 |     9 ||    18
       Potion            |     1 |       |     3 |     5 ||     9
 Stab: Confused          |       |     1 |       |       ||     1
       Paralysed         |       |       |       |     1 ||     1
Armor: Scale mail        |    41 |    30 |       |       ||    71
       Chain mail        |       |       |    57 |    47 ||   104
       Plate armour      |       |       |       |   107 ||   107
Dodge: Dodged            |    49 |    36 |    46 |   106 ||   237
       Repelled          |       |       |       |     1 ||     1
Block: Buckler           |    21 |     7 |       |       ||    28
       Other             |       |       |    13 |    60 ||    73
